 Dungeon Crawl Stone Soup version 0.19.0-24-gb05acd6 (webtiles) character file.

714 InterDimensionalOwl the Magician (level 7, -3/41 HPs)
             Began as a High Elf Wizard on Nov 22, 2016.
             Was a Follower of Qazlal.
             Slain by a sky beast (6 damage)
             ... on level 4 of the Dungeon.
             The game lasted 00:33:51 (4560 turns).

InterDimensionalOwl the Magician (High Elf Wizard)  Turns: 4560, Time: 00:33:52

Health: -3/41      AC:  4    Str:  6    XL:     7   Next: 41%
Magic:  3/17       EV: 14    Int: 23    God:    Qazlal [*.....]
Gold:   149        SH:  2    Dex: 15    Spells: 3 memorised, 13 levels left

rFire  . . .     SeeInvis .     a - +0 blowgun
rCold  . . .     Gourm    .     r - +0 robe
rNeg   . . .     Faith    .     (no shield)
rPois  .         Spirit   .     s - +0 hat
rElec  .         Reflect  .     (no cloak)
rCorr  .         Harm     .     (no gloves)
MR     .....                    g - +1 pair of boots
Stlth  ++........               (no amulet)
                                (no ring)
                                (no ring)

@: no status effects
A: no striking features
a: Renounce Religion


You were on level 4 of the Dungeon.
You worshipped Qazlal.
Qazlal was aware of your devotion.
You were not hungry.

You visited 2 branches of the dungeon, and saw 6 of its levels.

You collected 149 gold pieces.

Inventory:

Hand Weapons
 a - a +0 blowgun (weapon)
 b - a +1 rapier of draining
 k - a +0 club
 m - a +0 dagger
 o - a +0 short sword
Missiles
 l - 102 stones
 p - 25 poisoned needles (quivered)
Armour
 g - a +1 pair of boots (worn)
 r - a +0 robe (worn)
 s - a +0 hat (worn)
 t - a +0 robe
Scrolls
 e - 2 scrolls of amnesia
 h - 3 scrolls of teleportation
 i - 2 scrolls of remove curse {unknown}
 v - a scroll of random uselessness {unknown}
 w - a scroll of recharging
 y - a scroll of identify
Potions
 f - a potion of flight
 j - a potion of heal wounds
 n - a potion of magic {unknown}
 x - a potion of cure mutation {unknown}
Books
 c - a book of Minor Magic

   Spells                             Type                      Level
   a - Magic Dart                     Conjuration                  1
   b - Blink                          Translocation                2
   c - Call Imp                       Summoning                    2
   d - Repel Missiles                 Charms/Air                   2
   e - Slow                           Hexes                        2
   f - Conjure Flame                  Conjuration/Fire             3
   g - Mephitic Cloud                 Conjuration/Poison/Air       3
Comestibles
 q - a royal jelly
 u - a meat ration


   Skills:
 + Level 3.4 Dodging
 + Level 3.8 Stealth
 - Level 6.0 Spellcasting
 - Level 4.7 Conjurations
 + Level 2.5 Hexes
   Level 0.8 Summonings
 + Level 3.1 Translocations


You had 13 spell levels left.
You knew the following spells:

 Your Spells              Type           Power        Failure   Level  Hunger
a - Magic Dart            Conj           ####         1%          1    None
b - Blink                 Tloc           N/A          3%          2    None
c - Slow                  Hex            ###.....     4%          2    None


Dungeon Overview and Level Annotations

Branches:
Dungeon (5/15)             Temple (1/1) D:5

Altars:
Ashenzari
Cheibriados
Dithmenos
Elyvilon
Gozag
Kikubaaqudgha
Makhleb
Nemelex Xobeh
Okawaru
Qazlal
Ru
Sif Muna
Trog
Uskayaw
Vehumet
Xom
Yredelemnul
Zin
The Shining One


Message History

The sky beast closely misses you.
You see here 2 poisoned needles.
The sky beast flickers out of sight!
Deactivating autopickup; reactivate with Ctrl-A.
A sky beast appears from thin air!
Reactivating autopickup.
The shadow imp shouts, "Quit, thou gorbellied fat-kidneyed clam!"
There is a stone staircase leading up here.
The sky beast hits you. The sky beast shocks you. The quokka barely misses you.
You climb upwards.
There is a stone staircase leading down here.
The sky beast hits you.
* * * LOW HITPOINT WARNING * * *
The sky beast shocks you.
* * * LOW HITPOINT WARNING * * *
The sky beast completely misses you. The quokka misses you.
The sky beast hits you.
* * * LOW HITPOINT WARNING * * *
The sky beast shocks you.
You die...

###... ..#...
... .. #.###.##
#
#.#....########
#.#.#
#.>........
#..<#
##ยง........
#.###
#Yr....... (.
#@######## ##
#.# #.# #.# #..
### ######
.....# ####.#


You could see a sky beast and a quokka.

Vanquished Creatures
  Grinder (D:3)
  Menkaure (D:5)
  An ogre (D:4)
  An orc wizard (D:5)
  Jessica (D:3)
  Natasha (thrice) (D:3)
  2 worker ants (D:5)
  A hound skeleton (D:5)
  4 adders
  A worm (D:4)
  4 dart slugs
  3 leopard geckos
  3 orcs
  6 bats
  5 giant cockroaches
  9 hobgoblins
  4 jackals (D:1)
  5 quokkas
  6 frilled lizards
  6 goblins
  A jackal skeleton (D:5)
  9 kobolds
  7 rats
84 creatures vanquished.

Notes
Turn   | Place    | Note
-------+----------+-------------------------------------------
     0 | D:1      | InterDimensionalOwl the High Elf Wizard began the quest for the Orb.
     0 | D:1      | Reached XP level 1. HP: 11/11 MP: 6/6
   339 | D:1      | Reached XP level 2. HP: 17/17 MP: 4/7
   477 | D:1      | Reached skill level 4 in Spellcasting
   484 | D:1      | Learned a level 2 spell: Blink
   487 | D:1      | Learned a level 2 spell: Slow
   834 | D:1      | Reached XP level 3. HP: 21/21 MP: 7/9
  1308 | D:2      | Found a stormy altar of Qazlal.
  1313 | D:2      | Became a worshipper of Qazlal Stormbringer
  1933 | D:3      | Reached XP level 4. HP: 27/27 MP: 6/11
  2360 | D:3      | Reached * piety under Qazlal
  2575 | D:3      | Noticed Grinder
  2584 | D:3      | Killed Grinder
  2584 | D:3      | Reached skill level 5 in Spellcasting
  2584 | D:3      | Reached XP level 5. HP: 25/31 MP: 3/14
  2584 | D:3      | Reached XP level 6. HP: 29/36 MP: 3/15
  2586 | D:3      | Reached skill level 6 in Spellcasting
  2782 | D:3      | Noticed Natasha
  2790 | D:3      | Killed Natasha
  2880 | D:3      | Noticed Jessica
  2882 | D:3      | Killed Jessica
  2911 | D:3      | Noticed Natasha
  2919 | D:3      | Killed Natasha
  2919 | D:3      | Reached skill level 1 in Hexes
  2939 | D:3      | Noticed Natasha
  2946 | D:3      | Killed Natasha
  3901 | D:5      | Entered Level 5 of the Dungeon
  3967 | D:5      | Found a staircase to the Ecumenical Temple.
  3998 | D:5      | Reached XP level 7. HP: 33/41 MP: 3/17
  4015 | Temple   | Entered the Ecumenical Temple
  4367 | D:5      | Noticed Menkaure
  4389 | D:5      | Killed Menkaure
  4560 | D:4      | Slain by a sky beast

Skill      XL: |  1  2  3  4  5  6  7 |
---------------+----------------------+-----
Spellcasting   | 4 5 6 |  6.0
Conjurations   | 2 3 4 |  4.7
Hexes          | 1 2 |  2.5
Stealth        | 3 |  3.8
Translocations | 2 3 |  3.1
Dodging        | 3 |  3.4
Summonings     | |  0.8

Action                   |  1- 3 |  4- 6 |  7- 9 || total
-------------------------+-------+-------+-------++-------
 Fire: Blowgun           |       |    10 |     3 ||    13
 Cast: Magic Dart        |    93 |   102 |    43 ||   238
       Slow              |       |     4 |     1 ||     5
       Blink             |       |     2 |     2 ||     4
  Use: Scroll            |     4 |     6 |       ||    10
       Potion            |     2 |       |     1 ||     3
  Eat: Chunk             |     3 |     6 |       ||     9
       Bread ration      |       |       |     1 ||     1
Armor: Robe              |     5 |     5 |     2 ||    12
Dodge: Dodged            |    11 |    13 |     8 ||    32
Block: Other             |       |     1 |       ||     1
